 Dungeon Crawl Stone Soup version 0.24-a0-789-g35933f4 (webtiles) character file.

Game seed: 6512907580540871867, levelgen mode: deterministic

174 2tousent the Insei (level 5, -24/39 (40) HPs)
             Began as a Draconian Transmuter on Oct 9, 2019.
             Killed from afar by a bat (35 damage)
             ... with an exploding inner flame
             ... hexed by the player character
             ... on level 2 of the Dungeon.
             The game lasted 00:07:37 (2961 turns).

2tousent the Insei (Draconian Transmuter)           Turns: 2961, Time: 00:07:37

HP:   -24/39 (40)   AC:  2    Str: 12    XL:     5   Next: 28%
MP:   6/9           EV: 19    Int: 14    God:
Gold: 88            SH:  0    Dex: 17    Spells: 3/9 levels left

rFire    . . .     SeeInvis .     - Unarmed
rCold    . . .     Gourm    .   (shield currently unavailable)
rNeg     . . .     Faith    .   (armour unavailable)
rPois    x         Spirit   .   (helmet currently unavailable)
rElec    .         Reflect  .   (cloak currently unavailable)
rCorr    .         Harm     .   (gloves currently unavailable)
MR       .....                  (boots currently unavailable)
Stlth    ++........             (no amulet)
HPRegen  0.13/turn              (no ring)
MPRegen  0.11/turn              (no ring)

@: spider-form (expiring)
A: tiny, unfitting armour, AC +5
a: End Transformation


You were on level 2 of the Dungeon.
You were hungry.
You were a venomous arachnid creature.
You visited 1 branch of the dungeon, and saw 2 of its levels.

You collected 88 gold pieces.

Inventory:

Missiles
 a - 17 arrows
Armour
 g - a +0 cloak (melded)
Scrolls
 h - a scroll of identify
 k - a scroll of teleportation
Potions
 b - a potion of haste {unknown}
 d - 2 potions of degeneration
 e - a potion of mutation {unknown}
 i - a potion of agility {unknown}
 l - a potion of might {unknown}
Comestibles
 c - 4 rations


   Skills:
 - Level 1.1 Fighting
 - Level 1.7 Dodging
 * Level 4.4 Unarmed Combat
 + Level 2.8 Spellcasting
 * Level 3.8 Transmutations


You had 3 spell levels left.
You knew the following spells:

 Your Spells              Type           Power        Failure   Level  Hunger
a - Beastly Appendage     Tmut           ##....       14%         1    #......
b - Spider Form           Tmut/Pois      #.........   52%         3    ###....
c - Sticks to Snakes      Tmut           ##......     19%         2    ##.....

Your spell library contained the following spells:

 Spells                   Type           Power        Failure   Level  Hunger
 Ice Form                 Ice/Tmut       #.......     86%         4    #####..
 Blade Hands              Tmut           ##........   90%         5    ######.


Dungeon Overview and Level Annotations

Branches:
Dungeon (2/15)

Altars:
Vehumet

Annotations:
D:2 1 transporter


Innate Abilities, Weirdness & Mutations

((Your plain brown scales are hard. (AC +5)))
You cannot fit into any form of body armour.
((You are cold-blooded and may be slowed by cold attacks.))


Message History

The bat closely misses you. The howler monkey closely misses you.
The sky beast hits you. The sky beast shocks you.
As you read the scroll labeled FAUSALL MAEZA, it crumbles to dust.
The creatures around you are filled with an inner flame!
It was a scroll of immolation.
The bat completely misses you. The kobold closely misses you.
The howler monkey misses you. The sky beast barely misses you.
Your transformation is almost over.
The bat closely misses you.
The kobold throws a stone.
The stone misses you.
You hit the sky beast but do no damage.
The sky beast looks as sick as possible!
The sky beast is moderately wounded.
The bat closely misses you. The howler monkey hits you.
* * * LOW HITPOINT WARNING * * *
The bat misses you.
You bite the bat!
The bat explodes!
The fiery explosion engulfs you!!
Ouch! That really hurt!
You die...

##.................##.#
................©.....##
#########...#########..#
#..##8$._.$8##.#
#..#..(?$!)..#.#
#..#..#...#..#.#
#..#.#§§§(.#.#.#
#..#..§.§...©#.#
#..#.#§§s..#.#.#
#..#..#KhY#..#.#
#..#..)......#.#
#..##8.....8##.#
#...#########..#
#.......©.....##
##........#####
#####...## #####


You could see a sky beast (inner flame), a howler monkey (inner flame) and a
kobold (inner flame).

Vanquished Creatures
  A necrophage (D:2)
  Terence (D:2)
  An adder (D:2)
  An ooze (D:2)
  2 worms (D:2)
  A leopard gecko (D:1)
  3 bats
  2 giant cockroaches
  5 goblins
  10 hobgoblins
  3 jackals (D:2)
  A ball python (D:2)
  3 frilled lizards
  3 kobolds
  2 rats
39 creatures vanquished.

Vanquished Creatures (collateral kills)
  A goblin (D:2)
  A jackal (D:2)
2 creatures vanquished.

Grand Total: 41 creatures vanquished

Notes
Turn   | Place    | Note
-------+----------+-------------------------------------------
     0 | D:1      | 2tousent the Draconian Transmuter began the quest for the
                  | Orb.
     0 | D:1      | Reached XP level 1. HP: 16/16 MP: 3/3
   426 | D:1      | Reached XP level 2. HP: 23/23 MP: 3/5
   515 | D:1      | Learned a level 2 spell: Sticks to Snakes
  1249 | D:2      | Noticed Terence
  1279 | D:2      | Reached XP level 3. HP: 18/28 MP: 0/6
  1814 | D:2      | Learned a level 3 spell: Spider Form
  1976 | D:2      | Noticed a necrophage
  1992 | D:2      | Killed a necrophage
  1992 | D:2      | Reached skill level 4 in Unarmed Combat
  1992 | D:2      | Reached XP level 4. HP: 12/34 MP: 1/8
  1992 | D:2      | Reached XP level 5. HP: 14/39 MP: 1/9
  2651 | D:2      | Killed Terence
  2708 | D:2      | Noticed a sky beast
  2709 | D:2      | Found a radiant altar of Vehumet.
  2709 | D:2      | Found a transporter.
  2728 | D:2      | Found a transporter.
  2961 | D:2      | Killed from afar by a bat

Levels and vault maps discovered:
D:1:      dpeg_arrival_renting, layout_basic, serial_rivers,
          chequers_serial_rivers_small_3, chequers_serial_rivers_micro_a,
          chequers_serial_rivers_micro_b, chequers_serial_rivers_micro_c,
          nrook_mini_backslash
D:2:      layout_basic, gammafunk_temple_overflow_arena, uniq_terence

Skill      XL: |  1  2  3 |
---------------+----------+-----
Transmutations | 3 |  3.8
Unarmed Combat | 4 |  4.4
Fighting       | |  1.1
Dodging        | |  1.7
Spellcasting   | |  2.8

Action                   |  1- 3 |  4- 6 || total
-------------------------+-------+-------++-------
Melee: Unarmed           |   139 |    19 ||   158
       Tailslap          |    13 |     2 ||    15
       Headbutt          |     2 |       ||     2
       Kick              |     3 |       ||     3
       Punch             |     1 |       ||     1
 Cast: Beastly Appendage |     8 |       ||     8
       Sticks to Snakes  |     7 |     2 ||     9
       Spider Form       |     1 |     3 ||     4
  Use: Scroll            |     3 |     1 ||     4
       Potion            |     2 |       ||     2
 Stab: Sleeping          |     2 |     1 ||     3
  Eat: Chunk             |     4 |     3 ||     7
Armor: Skin              |    49 |     3 ||    52
Dodge: Dodged            |   101 |    19 ||   120

Table legend:
 A = Non-vault XP
 B = Vault XP
 C = Vault XP percentage of total XP
 D = Non-vault monster count
 E = Vault monster count
 F = Vault count percentage of total count
                 A         B        C        D         E       F
            +---------+---------+-------+---------+---------+-------
      Total |     214 |      35 |  14.1 |      40 |       1 |   2.4
            +---------+---------+-------+---------+---------+-------
        D:1 |      25 |       0 |   0.0 |      14 |       0 |   0.0
        D:2 |     189 |      35 |  15.6 |      26 |       1 |   3.7
            +---------+---------+-------+---------+---------+-------
